 Dungeon Crawl Stone Soup version 0.20.0-8-g6b59dc7 (webtiles) character file.

38 SedStubbie the Vexing (level 3, 0/23 HPs)
             Began as an Octopode Arcane Marksman on June 2, 2017.
             Slain by a jackal (2 damage)
             ... on level 2 of the Dungeon.
             The game lasted 00:02:06 (1322 turns).

SedStubbie the Vexing (Octopode Arcane Marksman)    Turns: 1322, Time: 00:02:07

Health: 0/23       AC:  1    Str:  9    XL:     3   Next: 43%
Magic:  5/5        EV: 13    Int: 15    God:
Gold:   106        SH:  0    Dex: 13    Spells: 4/5 levels left

rFire    . . .     SeeInvis .   h - +0 dagger
rCold    . . .     Gourm    .   (no shield)
rNeg     . . .     Faith    .   (helmet restricted)
rPois    .         Spirit   .   (no amulet)
rElec    .         Reflect  .   (no ring)
rCorr    .         Harm     .   (no ring)
MR       .....                  (no ring)
Stlth    +++.......             (no ring)
Regen    0.1/turn               (no ring)
MPRegen  0.1/turn               (no ring)
                                (no ring)
                                (no ring)

@: no status effects
A: almost no armour, stealthy swim, amphibious, 8 rings, constrict 8, camouflage
1, gelatinous body 1
a: no special abilities


You were on level 2 of the Dungeon.
You were very hungry.

You visited 1 branch of the dungeon, and saw 2 of its levels.

You collected 106 gold pieces.

Inventory:

Hand Weapons
 a - a +0 hunting sling
 h - a +0 dagger (weapon)
Missiles
 c - 69 sling bullets
 l - 13 stones (quivered)
Scrolls
 f - 2 scrolls of remove curse {unknown}
 j - a scroll of identify {unknown}
 k - a scroll of blinking {unknown}
Potions
 m - a potion of agility {unknown}
 n - 2 potions of cancellation {unknown}
 o - a potion of berserk rage {unknown}
Books
 e - a book of Debilitation

   Spells                             Type                      Level
   a - Corona                         Hexes                        1
   b - Slow                           Hexes                        2
   c - Inner Flame                    Hexes/Fire                   3
   d - Portal Projectile              Hexes/Translocation          3
   e - Cause Fear                     Hexes                        4
   f - Leda's Liquefaction            Hexes/Earth                  4
Comestibles
 d - 3 bread rations
 g - 2 royal jellies
 i - 3 fruits


   Skills:
 - Level 1.0 Fighting
 - Level 2.0 Slings
 + Level 2.3 Dodging
 + Level 2.2 Stealth
 + Level 1.7 Spellcasting
 + Level 3.3 Hexes


You had 4 spell levels left.
You knew the following spells:

 Your Spells              Type           Power        Failure   Level  Hunger
a - Corona                Hex            ##.....      6%          1    ##.....


Dungeon Overview and Level Annotations

Branches:
Dungeon (2/15)

Altars:
Xom


Innate Abilities, Weirdness & Mutations

You cannot wear most types of armour.
You are very stealthy in the water. (Stealth+)
You are amphibious.
You can wear up to eight rings at the same time.
You can use your tentacles to constrict eight enemies at once.
Your skin changes colour to match your surroundings (Stealth+).
Your rubbery body absorbs attacks. (AC +1, EV +1)


Message History

The jackal closely misses you. The frilled lizard barely misses you.
The jackal closely misses you. The jackal closely misses you.
The jackal barely misses you. The jackal barely misses you.
You hit the frilled lizard.
You kill the frilled lizard!
The jackal bites you.
* * * LOW HITPOINT WARNING * * *
You closely miss the jackal. You grab the jackal.
You constrict the jackal, but do no damage.
The jackal bites you.
* * * LOW HITPOINT WARNING * * *
You hit the jackal but do no damage. You constrict the jackal.
The jackal bites you.
* * * LOW HITPOINT WARNING * * *
You hit the jackal but do no damage. You squeeze the jackal.
The jackal is heavily wounded.
You constrict the jackal. The jackal closely misses you. The jackal bites you.
You die...

#..# #.# #######
..####..######?#####
#...(..
......%†............#
#.##### .###.....#.....#
#.# #.# #.....>.........#
#.# #.# .......)........#
#.# #.# #####.##..#....##
#.# #.# #.
#..#)#..####.#######.#####
#.
#..#.#..h@...........##...
#
#..#.#..#....##########.##
#..#.#..#.#### #.#
#..#.#..#.# #.#
#..#.#..#.# #.# .....#.#
#.# .#.##.# #.# .#. #.#
#.# . #. #.# #.#


You could see a jackal.

Vanquished Creatures
  An ooze (D:1)
  A worm (D:2)
  3 dart slugs (D:1)
  A leopard gecko (D:1)
  A giant cockroach (D:1)
  3 goblins
  A hobgoblin (D:1)
  4 jackals (D:2)
  3 bats (D:1)
  3 frilled lizards
  3 kobolds (D:1)
  A rat (D:1)
25 creatures vanquished.

Notes
Turn   | Place    | Note
-------+----------+-------------------------------------------
     0 | D:1      | SedStubbie the Octopode Arcane Marksman began the quest for the Orb.
     0 | D:1      | Reached XP level 1. HP: 13/13 MP: 2/2
    80 | D:1      | Reached XP level 2. HP: 15/18 MP: 4/4
   410 | D:1      | Reached skill level 1 in Stealth
   432 | D:1      | Found a shattered altar of Ashenzari.
   448 | D:1      | Found a shimmering altar of Xom.
   448 | D:1      | Found a bloodstained altar of Trog.
   450 | D:1      | Found a sacrificial altar of Ru.
   450 | D:1      | Found a sacrificial altar of Ru.
   450 | D:1      | Found a shimmering altar of Xom.
   647 | D:1      | Reached XP level 3. HP: 19/23 MP: 5/5
  1321 | D:2      | HP: 1/23 [jackal (1)]
  1322 | D:2      | Slain by a jackal

Skill      XL: |  1  2  3 |
---------------+----------+-----
Stealth        | 1 2 |  2.2
Fighting       | |  1.0
Slings         | |  2.0
Dodging        | |  2.3
Spellcasting   | |  1.7
Hexes          | |  3.3

Action                   || total
-------------------------++-------
Melee: Unarmed           ||    21
       Constrict         ||    18
       Tentacles         ||    13
       Dagger            ||    46
 Fire: Hunting sling     ||     2
 Stab: Sleeping          ||     7
Armor: Skin              ||     3
Dodge: Dodged            ||    37
